cohdb
Replays
Latest Replays
All Replays
Popular Replays
Top Player Replays
Match Explorer
How It Works
Community
CoH3 Stats
Reddit
Sign in to upload your games and track your stats! →
Sign in with Steam
Match 46996544
Unlisted
Match 46996544
Overview
Messages
Build Orders
End
Kradschützen Motorcycle Team
Panzergrenadier Squad
Panzergrenadier Squad
Construct Light Support Kompanie
Panzerjäger Squad
2.5-tonne Medical Truck
Selects Italian Infantry
Panzerjäger Squad
Selects Guastatori Squad
Guastatori Squad
Fire Support Elements
le.IG 18 Mechanized Group
Selects Defensive Operations
Guastatori Squad
Construct Panzerarmee Kommand
Selects Prepared Positions
Walking Stuka Rocket Launcher
Armored Reserves
Tiger Heavy Tank
Selects Obice 305mm Barrage
Obice 305mm Barrage
Obice 305mm Barrage
Tiger Heavy Tank
Pak 38 Anti-tank Gun Team
Pak 38 Anti-tank Gun Team
Obice 305mm Barrage
Daro
Zyllen
DrewP
Truax
0
0
Comments
sign in to comment!
No comments posted yet!